 Dungeon Crawl Stone Soup version 0.28.0 (webtiles) character file.

Game seed: 10248322842859449794

43 tizbic2 the Grasshopper (level 3, -2/31 HPs)
             Began as a Gnoll Warper on Feb 4, 2022.
             Killed by nerve-wracking pain
             ... invoked by Grinder
              (5 damage)
             ... on level 3 of the Dungeon.
             The game lasted 00:07:30 (2051 turns).

tizbic2 the Grasshopper (Gnoll Warper)              Turns: 2051, Time: 00:07:31

Health: -2/31      AC:  5    Str: 12    XL:     3   Next: 58%
Magic:  9/9        EV: 11    Int: 12    God:
Gold:   84         SH:  0    Dex: 11    Spells: 10/12 levels left

rFire   . . .      SeeInvis .   k - +4 dagger
rCold   . . .      Faith    .   (no shield)
rNeg    + . .      Spirit   .   f - +0 ring mail
rPois   .          Reflect  .   (no helmet)
rElec   .          Harm     .   (no cloak)
rCorr   .          Rampage  .   (no gloves)
Will    .....                   (no boots)
Stlth   +.........              (no amulet)
HPRegen 0.10/turn               m - ring of positive energy
MPRegen 0.11/turn               (no ring)

@: brilliant
A: fangs 1, strong nose, distributed training
a: no special abilities


You were on level 3 of the Dungeon.
You visited 1 branch of the dungeon, and saw 3 of its levels.

You collected 84 gold pieces.

Inventory:

Hand Weapons
 k - a +4 dagger (weapon)
Missiles
 a - 8 boomerangs
 d - 3 boomerangs of dispersal (quivered)
 i - 85 stones
Armour
 f - a +0 ring mail (worn)
Jewellery
 m - a ring of positive energy (left hand)
Scrolls
 b - 2 scrolls of fear
 c - 2 scrolls of blinking
 e - a scroll of summoning {unknown}
 p - a scroll of immolation {unknown}
 q - a scroll of identify
Potions
 g - a potion of resistance {unknown}
 j - a potion of flight {unknown}
 l - a potion of degeneration {unknown}
 o - a potion of mutation {unknown}


   Skills:
 + Level 4.5 Fighting
 + Level 0.8 Short Blades
 + Level 0.8 Long Blades
 + Level 0.8 Axes
 + Level 0.8 Maces & Flails
 + Level 4.5 Polearms
 + Level 0.8 Staves
 + Level 0.8 Slings
 + Level 0.8 Bows
 + Level 0.8 Crossbows
 + Level 2.6 Throwing
 + Level 2.6 Armour
 + Level 4.5 Dodging
 + Level 0.8 Stealth
 + Level 0.8 Shields
 + Level 0.8 Unarmed Combat
 + Level 5.0 Spellcasting
 + Level 0.5 Conjurations
 + Level 0.5 Hexes
 + Level 0.5 Summonings
 + Level 0.5 Necromancy
 + Level 5.4 Translocations
 + Level 0.5 Transmutations
 + Level 0.5 Fire Magic
 + Level 0.5 Ice Magic
 + Level 0.5 Air Magic
 + Level 0.5 Earth Magic
 + Level 0.5 Poison Magic
 + Level 1.0 Invocations
 + Level 0.8 Evocations


You had 10 spell levels left.
You knew the following spells:

 Your Spells              Type           Power      Damage    Failure   Level
a - Blink                 Tloc           48%        N/A       7%          2

Your spell library contained the following spells:

 Spells                   Type           Power      Damage    Failure   Level
 Gell's Gravitas          Tloc           24%        N/A       14%         3
 Lesser Beckoning         Tloc           24%        N/A       14%         3
 Teleport Other           Tloc           24%        N/A       14%         3
 Sting                    Tmut/Pois      24%        1d4       34%         1
 Poisonous Vapours        Pois/Air       12%        N/A       45%         2
 Conjure Flame            Conj/Fire      6%         6-21      71%         3
 Ignite Poison            Fire/Tmut/Pois 6%         N/A       71%         3
 Manifold Assault         Tloc           24%        N/A       78%         5
 Olgreb's Toxic Radiance  Pois           6%         N/A       98%         4
 Sticky Flame             Conj/Fire      6%         2d3       98%         4


Dungeon Overview and Level Annotations

Branches:
Dungeon (3/15)

Altars:
Kikubaaqudgha

Annotations:
D:3 Grinder


Innate Abilities, Weirdness & Mutations

You have very sharp teeth.
Your uncanny sense of smell can sniff out nearby items.
Your experience applies equally to all skills.


Message History

Grinder is heavily wounded.
Grinder hits you!
You hit Grinder but do no damage.
Grinder is heavily wounded.
Grinder closely misses you.
You hit Grinder.
Grinder is heavily wounded.
Grinder closely misses you.
You hit Grinder.
Grinder is heavily wounded.
Grinder hits you!
You writhe in agony.
You barely miss Grinder.
Grinder is heavily wounded.
Grinder gestures at you.
You suddenly lose the ability to move!
Grinder hits you.
* * * LOW HITPOINT WARNING * * *
Grinder gestures at you.
You shrug off the repeated paralysis!
Grinder barely misses you. Grinder hits you but does no damage.
Grinder gestures at you.
You barely resist.
You can move again.
It was a potion of brilliance.
You feel clever all of a sudden. Grinder hits you.
* * * LOW HITPOINT WARNING * * *
You writhe in agony.
* * * LOW HITPOINT WARNING * * *
Throw: 4 boomerangs (disperse)
Press: ? - help, Q - select action, (/) - cycle Shift-Dir - straight line, f/p - Grinder
Aim: Grinder (heavily wounded, 55% to hit)
You throw a boomerang of dispersal.
The boomerang of dispersal hits Grinder.
Grinder blinks!
Grinder is severely wounded.
Grinder gestures at you. Pain shoots through your body!
You die...

................#
..............
.....##...♣.♣
######......♣.♣ ....
#.......5.#+♣.♣.#...#
#...........♣.♣.....#
#...........♣.♣.....#
#...........♣.♣.....#
#...........@.......#
#.........##.#......#
#.........'..)...###
#.........##.....#
####.........'..<...#
#............####...#
#.##...P...........##
#..PPP♣P....########
#..♣♣♣♣PPP..#


You could see Grinder.

Vanquished Creatures
  2 adders (D:2)
  2 dart slugs (D:1)
  3 endoplasms
  2 giant cockroaches
  4 goblins
  2 hobgoblins
  A kobold (D:2)
  A ball python (D:2)
  2 bats (D:2)
  A frilled lizard (D:1)
20 creatures vanquished.

Vanquished Creatures (others)
  A plant (D:3)
1 creature vanquished.

Grand Total: 21 creatures vanquished

Notes
Turn   | Place    | Note
-------+----------+-------------------------------------------
     0 | D:1      | tizbic2 the Gnoll Warper began the quest for the Orb.
     0 | D:1      | Reached XP level 1. HP: 20/20 MP: 6/6
   212 | D:1      | Reached XP level 2. HP: 26/26 MP: 7/7
   233 | D:1      | Found a faded altar of an unknown god.
   738 | D:2      | Reached skill level 5 in Spellcasting
   738 | D:2      | Reached XP level 3. HP: 27/31 MP: 7/9
   799 | D:2      | Learned a level 2 spell: Blink
   835 | D:2      | Found an ancient bone altar of Kikubaaqudgha.
  1450 | D:2      | Reached skill level 1 in Invocations
  2014 | D:3      | Noticed Grinder
  2014 | D:3      | Paralysed by Grinder for 6 turns
  2039 | D:3      | Paralysed by Grinder for 6 turns
  2051 | D:3      | Killed from afar by Grinder

Illustrated notes

Levels and vault maps discovered:
D:1:      lightli_arrival_farm, layout_basic,
          hellmonk_ecumenical_altar_pennies_from_heaven
D:2:      layout_basic, basic_altar
D:3:      minmay_chambers_of_twos, layout_basic, lemuel_coloured_pillars_altar,
          serial_forest, infiniplex_forest_straight_2,
          infiniplex_forest_clump_long, infiniplex_forest_straight_2,
          infiniplex_forest_zigzag_1, infiniplex_forest_clump_curved,
          infiniplex_forest_lined_room_2, infiniplex_forest_clump_long,
          serial_shops, nicolae_shop_crystal, uniq_grinder

Skill      XL: |  1  2  3 |
---------------+----------+-----
Spellcasting   | 5 |  5.0
Invocations    | 1 |  1.0
Fighting       | |  4.5
Short Blades   | |  0.8
Long Blades    | |  0.8
Axes           | |  0.8
Maces & Flails | |  0.8
Polearms       | |  4.5
Staves         | |  0.8
Slings         | |  0.8
Bows           | |  0.8
Crossbows      | |  0.8
Throwing       | |  2.6
Armour         | |  2.6
Dodging        | |  4.5
Stealth        | |  0.8
Shields        | |  0.8
Unarmed Combat | |  0.8
Conjurations   | |  0.5
Hexes          | |  0.5
Summonings     | |  0.5
Necromancy     | |  0.5
Translocations | |  5.4
Transmutations | |  0.5
Fire Magic     | |  0.5
Ice Magic      | |  0.5
Air Magic      | |  0.5
Earth Magic    | |  0.5
Poison Magic   | |  0.5
Evocations     | |  0.8

Action                   || total
-------------------------++-------
Melee: Spear             ||    36
       Bite              ||     8
       Punch             ||     2
       Dagger            ||    38
Throw: Boomerang         ||    16
       Stone             ||    10
 Cast: Blink             ||     1
  Use: Potion            ||     3
       Scroll            ||     2
Armor: Leather armour    ||     3
       Ring mail         ||    14
Dodge: Dodged            ||    30
